 Dungeon Crawl Stone Soup version 0.27.1-4-g1640c2035a (webtiles) character file.

Game seed: 12485546954212278818

38535 pkoi the Grappler (level 13, -6/105 HPs)
             Began as a Pale Draconian Monk on Nov 15, 2021.
             Was a High Priest of Okawaru.
             Mangled by a komodo dragon (20 damage)
             ... on level 6 of the Lair of Beasts.
             The game lasted 00:43:08 (27697 turns).

pkoi the Grappler (Pale Draconian Monk)            Turns: 27697, Time: 00:43:08

Health: -6/105     AC: 19    Str: 15    XL:     13   Next: 64%
Magic:  26/28      EV: 18    Int: 21    God:    Okawaru [*****.]
Gold:   1317       SH:  6    Dex: 13    Spells: 10/18 levels left

rFire    . . .     SeeInvis .     - Unarmed
rCold    . . .     Faith    .   p - +0 buckler {AC+3}
rNeg     + . .     Spirit   .   (armour unavailable)
rPois    .         Reflect  .   (helmet restricted)
rElec    .         Harm     .   s - +2 cloak
rCorr    .         Rampage  .   j - +1 pair of gloves
Will     +....                  D - +2 pair of boots "Xeowef" {rN+ MP+9}
Stlth    +++.......             (no amulet)
HPRegen  0.27/turn              K - +6 ring of intelligence
MPRegen  0.21/turn              n - ring of willpower

@: heroic
A: breathe steam, AC +8, unfitting armour, cold-blooded, steam resistance
a: Breathe Steam, Renounce Religion, Heroism, Finesse


You were on level 6 of the Lair of Beasts.
You worshipped Okawaru.
Okawaru was extremely pleased with you.
You visited 3 branches of the dungeon, and saw 18 of its levels.
You also visited: Ossuary and Volcano.

You collected 1317 gold pieces.

Inventory:

Hand Weapons
 b - the +4 dagger of Infinity {venom, *Slow Dex+4 SInv}
   (You found it on level 5 of the Dungeon)

   It poisons the flesh of those it strikes.
   Dex:       It affects your dexterity (+4).
   SInv:      It lets you see invisible.
   *Slow:     It may slow you when you take damage.
 h - the +8 long sword "Cyabugg" {vorpal, rF+ rN+ Str-2}
   (Okawaru gifted it to you on level 10 of the Dungeon)

   It inflicts extra damage upon your enemies.
   Str:       It affects your strength (-2).
   rF:        It protects you from fire.
   rN:        It protects you from negative energy.
 M - a +4 scimitar of flaming
Missiles
 c - a curare-tipped dart
 d - 19 javelins
 m - 2 throwing nets
 r - 56 poisoned darts (quivered)
 v - 8 atropa-tipped darts
 E - 2 boomerangs
Armour
 j - a +1 pair of gloves (worn)
 p - a +0 buckler of protection (worn)
 s - a +2 cloak (worn)
 D - the +2 pair of boots "Xeowef" (worn) {rN+ MP+9}
   (You found it on level 1 of the Lair of Beasts)

   rN:        It protects you from negative energy.
   MP:        It affects your magic capacity (+9).
 H - a scarf of repulsion
 J - a +1 pair of boots of flying
Jewellery
 n - a ring of willpower (right hand)
 o - a ring of magical power
 u - an amulet of faith
 F - a ring of resist corrosion
 I - a ring of protection from cold
 K - a +6 ring of intelligence (left hand)
 P - a ring of see invisible
 Q - a ring of positive energy
Wands
 e - a wand of acid (6)
 g - a wand of flame (21)
 q - a wand of iceblast (18)
 C - a wand of mindburst (23)
 N - a wand of polymorph (10)
Scrolls
 x - a scroll of identify
 y - a scroll of fear
 B - 4 scrolls of teleportation
 G - a scroll of enchant armour
 O - a scroll of enchant weapon
Potions
 a - 3 potions of might
 f - 8 potions of curing
 i - a potion of resistance
 k - 4 potions of flight
 l - 4 potions of cancellation
 t - 2 potions of haste
 w - 2 potions of invisibility
 z - a potion of berserk rage
 A - 2 potions of heal wounds
 L - 2 potions of magic


   Skills:
 - Level 7.5(12.5) Fighting
 + Level 8.6(13.6) Dodging
 - Level 1.7(6.7) Stealth
 - Level 4.0(9.0) Shields
 + Level 13.9(18.9) Unarmed Combat
 - Level 3.0 Spellcasting
 + Level 8.3 Transmutations
 + Level 9.2 Air Magic
 - Level 3.4 Earth Magic
 - Level 3.4 Poison Magic
 - Level 9.0 Invocations


You had 10 spell levels left.
You knew the following spells:

 Your Spells              Type           Power      Damage    Failure   Level
a - Passwall              Tmut/Erth      22%        N/A       1%          2
b - Spider Form           Tmut/Pois      14%        N/A       3%          3
c - Swiftness             Air            42%        N/A       1%          3

Your spell library contained the following spells:

 Spells                   Type           Power      Damage    Failure   Level
 Beastly Appendage        Tmut           76%        N/A       1%          1
 Poisonous Vapours        Pois/Air       58%        N/A       1%          2
 Wereblood                Tmut           38%        N/A       1%          2
 Corpse Rot               Necr/Air       N/A        N/A       3%          2
 Mephitic Cloud           Conj/Pois/Air  21%        N/A       7%          3
 Ignite Poison            Fire/Tmut/Pois 19%        N/A       8%          3
 Petrify                  Tmut/Erth      27%        N/A       12%         4
 Corona                   Hex            3%         N/A       13%         1
 Ensorcelled Hibernation  Hex/Ice        6%         N/A       21%         2
 Sublimation of Blood     Necr           1%         N/A       21%         2
 Summon Lightning Spire   Summ/Air       22%        N/A       21%         4
 Gell's Gravitas          Tloc           1%         N/A       36%         3
 Teleport Other           Tloc           3%         N/A       36%         3
 Tukima's Dance           Hex            3%         N/A       36%         3
 Irradiate                Conj/Tmut      10%        3d16      54%         5
 Freezing Cloud           Conj/Ice/Air   8%         6-21      71%         5
 Bolt of Magma            Conj/Fire/Erth 4%         4d5       93%         5
 Storm Form               Tmut/Air       20%        N/A       97%         7
 Dispersal                Tloc           1%         N/A       100%        6
 Invisibility             Hex            1%         N/A       100%        6
 Shadow Creatures         Summ           N/A        N/A       100%        6
 Maxwell's Capacitive Co  Air            21%        ∞         100%        8


Dungeon Overview and Level Annotations

Branches:
Dungeon (11/15)            Temple (1/1) D:6            Lair (6/6) D:10
 Shoals (0/4) Lair:4        Snake (0/4) Lair:4        Slime (0/5) Lair:5
Ossuary (visited)         Volcano (visited)
    Orc: D:9-12

Altars:
Ashenzari
Cheibriados
Dithmenos
Elyvilon
Fedhas
Gozag
Hepliaklqana
Kikubaaqudgha
Makhleb
Nemelex Xobeh
Okawaru
Qazlal
Ru
Sif Muna
Trog
Uskayaw
Vehumet
Wu Jian
Xom
Yredelemnul
Zin
The Shining One

Shops:
D:10 *

Annotations:
D:11 Urug
Lair:1 3 runed translucent doors, adizb's ghost, journeyman OpBr
Lair:2 exclusion: 2 oklob plants
Lair:5 exclusion: 2 oklob plants


Innate Abilities, Weirdness & Mutations

You can breathe blasts of scalding, opaque steam.
Your pale cyan-grey scales are hard. (AC +8)
You cannot fit into any form of body armour.
You are cold-blooded and may be slowed by cold attacks.
You are immune to the effects of steam.


Message History

* * * LOW HITPOINT WARNING * * *
The wolf closely misses you.
You hit the komodo dragon but do no damage.
The komodo dragon is lightly wounded.
You block the wolf's attack. The wolf closely misses you.
The komodo dragon completely misses you.
You hit the komodo dragon but do no damage.
Your tail-slap misses the komodo dragon.
The komodo dragon is lightly wounded.
The wolf closely misses you. The wolf bites you.
* * * LOW HITPOINT WARNING * * *
The wolf closely misses you.
You barely miss the komodo dragon.
The komodo dragon is lightly wounded.
The wolf closely misses you. The komodo dragon bites you.
* * * LOW HITPOINT WARNING * * *
The wolf barely misses you.
You gain the combat prowess of a mighty hero.
The wolf bites you but does no damage. The wolf completely misses you.
You block the wolf's attack. The komodo dragon bites you!
* * * LOW HITPOINT WARNING * * *
The wolf closely misses you.
You hit the komodo dragon but do no damage.
You tail-slap the komodo dragon, but do no damage.
The komodo dragon is lightly wounded.
The wolf misses you. x2; The komodo dragon bites you!
* * * LOW HITPOINT WARNING * * *
You closely miss the komodo dragon.
The komodo dragon is lightly wounded.
The wolf misses you. The wolf closely misses you.
You punch the komodo dragon!
The komodo dragon is heavily wounded.
The wolf barely misses you. The wolf bites you.
* * * LOW HITPOINT WARNING * * *
The komodo dragon misses you.
You hit the komodo dragon but do no damage.
The komodo dragon is heavily wounded.
The wolf closely misses you. You block the wolf's attack.
The komodo dragon bites you!!
You die...

##.......# #........#
#..h.....# #h.l......
#........## ##### #.........#
#### #.#P########........#.
###.P####...##..#l..........#
...........<....@h...........
...[.............h...........
.............................
.(...............†...........
.............................
.............................
...........}...............(.
###..............##.P.#......
##.#.........#..######.....


You could see a komodo dragon and 2 wolves.

Vanquished Creatures
  Kirke (Lair:3)
  A stone giant (Volcano)
  Harold (D:7)
  Fannar (Lair:1)
  2 hydras (Lair:1)
  2 boulder beetles
  A two-headed ogre (D:10)
  Pikel (D:6)
  A deep elf pyromancer (D:9)
  7 elephants
  A manticore (D:8)
  Maurice (D:9)
  5 black mambas
  A gargoyle (Volcano)
  A torpor snail (Lair:5)
  2 molten gargoyles (Volcano)
  3 rime drakes
  A kobold demonologist (D:8)
  11 cane toads
  13 komodo dragons
  An efreet (Volcano)
  A polar bear (Lair:6)
  A troll (D:10)
  5 blink frogs (Lair:1)
  A wraith (Ossuary)
  2 basilisks
  4 wyverns
  A fire bat (Volcano)
  38 yaks
  3 steam dragons
  2 hogs (Lair:3)
  Menkaure (D:6)
  4 nagas (Lair:4)
  15 water moccasins
  2 orc warriors
  A black bear (D:8)
  An ice beast (shapeshifter) (D:8)
  A necrophage (D:6)
  A hornet zombie (D:8)
  4 ogres
  7 wolves
  4 centaurs
  4 kobold brigands
  A gnoll sergeant (D:9)
  10 bullfrogs
  2 earth elementals (Volcano)
  2 scorpions (D:5)
  A water moccasin skeleton (D:5)
  A wyvern skeleton (D:6)
  4 killer bees
  4 howler monkeys
  6 wights
  An electric eel (Lair:5)
  6 lava snakes (Volcano)
  A bullfrog zombie (D:5)
  7 centaur zombies
  2 hounds
  3 jellies
  7 orc priests
  2 bullfrog skeletons
  2 centaur skeletons (D:6)
  2 gnoll shamans
  An iguana (D:10)
  Natasha (thrice) (D:3)
  8 orc wizards
  6 hell rats (Lair:1)
  3 killer bee zombies
  A hound skeleton (D:5)
  4 mummies
  A howler monkey zombie (D:9)
  27 gnolls
  5 adders
  A shadow imp (D:8)
  2 white imps
  An ufetubus (D:5)
  3 dart slugs
  33 orcs
  8 ball pythons
  6 bats
  7 endoplasms
  3 giant cockroaches
  5 goblins
  A hobgoblin (D:2)
  2 jackals (D:1)
  17 kobolds
  3 quokkas
  2 frilled lizards
  4 goblin zombies (Ossuary)
  A kobold zombie (Ossuary)
  7 rats
390 creatures vanquished.

Vanquished Creatures (others)
  An earth elemental (Volcano)
  4 bushes (D:10)
  32 fungi
  55 plants
  2 toadstools (D:2)
94 creatures vanquished.

Grand Total: 484 creatures vanquished

Notes
Turn   | Place    | Note
-------+----------+-------------------------------------------
     0 | D:1      | pkoi the Draconian Monk began the quest for the Orb.
     0 | D:1      | Reached XP level 1. HP: 19/19 MP: 1/1
   333 | D:1      | Reached XP level 2. HP: 26/26 MP: 2/2
   714 | D:1      | Reached skill level 4 in Unarmed Combat
   991 | D:2      | Reached XP level 3. HP: 31/31 MP: 3/3
   995 | D:2      | Found an iron altar of Okawaru.
  1017 | D:2      | Became a worshipper of Warmaster Okawaru
  1017 | D:2      | Reached * piety under Okawaru
  1017 | D:2      | Reached ** piety under Okawaru
  1305 | D:2      | Learned a level 2 spell: Passwall
  1443 | D:2      | You fall into a shaft and drop 1 floor!
  1455 | D:3      | Found a shadowy altar of Dithmenos.
  1786 | D:2      | Reached skill level 1 in Invocations
  1935 | D:2      | Reached XP level 4. HP: 29/38 MP: 5/5
  2054 | D:2      | Reached skill level 5 in Unarmed Combat
  2335 | D:2      | Found a faded altar of an unknown god.
  2550 | D:3      | Reached XP level 5. HP: 43/45 MP: 6/6
  2800 | D:3      | Noticed Natasha
  2810 | D:3      | Killed Natasha
  3096 | D:3      | Noticed Natasha
  3166 | D:3      | Killed Natasha
  3571 | D:3      | Reached XP level 6. HP: 50/51 MP: 8/8
  3955 | D:4      | Reached skill level 6 in Unarmed Combat
  4229 | D:3      | Noticed Natasha
  4241 | D:3      | Killed Natasha
  4994 | D:5      | Entered Level 5 of the Dungeon
  5101 | D:5      | Reached skill level 7 in Unarmed Combat
  5101 | D:5      | Your scales start taking on a pale cyan-grey colour.
  5101 | D:5      | Reached XP level 7. HP: 57/57 MP: 10/10
  5101 | D:5      | Gained mutation: You are immune to the effects of steam.
                  | [Pale Draconian growth]
  5384 | D:5      | Reached skill level 8 in Unarmed Combat
  5777 | D:5      | Identified the +4 dagger of Infinity {venom, *Slow Dex+4
                  | SInv}
  5815 | D:5      | Found a sacrificial altar of Ru.
  6023 | D:5      | You fall into a shaft and drop 1 floor!
  6093 | D:6      | Reached *** piety under Okawaru
  6222 | D:5      | Reached skill level 9 in Unarmed Combat
  6222 | D:5      | Reached XP level 8. HP: 61/63 MP: 11/11
  6586 | D:6      | Found a staircase to the Ecumenical Temple.
  6613 | D:6      | Reached skill level 10 in Unarmed Combat
  6673 | D:6      | Noticed Menkaure
  6692 | D:6      | Killed Menkaure
  7118 | D:6      | Reached skill level 11 in Unarmed Combat
  7658 | D:7      | Noticed Harold
  7860 | Temple   | Entered the Ecumenical Temple
  7973 | D:7      | Killed Harold
  7974 | D:7      | Reached XP level 9. HP: 38/72 MP: 12/12
  8129 | D:7      | Learned a level 3 spell: Spider Form
  8133 | D:7      | Learned a level 3 spell: Swiftness
  8293 | D:7      | Noticed Pikel
  8372 | D:7      | Reached skill level 5 in Invocations
  8497 | D:7      | Found an iron altar of Okawaru.
  8549 | D:7      | Reached skill level 1 in Air Magic
  8554 | D:7      | Reached skill level 1 in Poison Magic
  8762 | D:7      | Reached skill level 1 in Spellcasting
  8762 | D:7      | Reached skill level 1 in Transmutations
  8762 | D:7      | Reached skill level 1 in Earth Magic
  8858 | D:6      | Killed Pikel
  8858 | D:6      | Reached **** piety under Okawaru
  8858 | D:6      | Received a gift from Okawaru
  9019 | D:7      | Reached skill level 5 in Fighting
  9254 | D:7      | Reached XP level 10. HP: 81/81 MP: 14/14
  9366 | D:7      | Found a bloodstained altar of Trog.
  9366 | D:7      | Found a glowing golden altar of the Shining One.
  9608 | D:8      | Paralysed by a hornet for 3 turns
  9695 | D:8      | Found a sand-covered staircase.
  9701 | Ossuary  | Entered an ossuary
 10373 | D:8      | Reached ***** piety under Okawaru
 10509 | D:8      | Noticed an orange demon
 10510 | D:8      | Noticed a sun demon
 10647 | D:8      | Noticed a manticore
 11597 | D:8      | You fall into a shaft and drop 1 floor!
 11682 | D:9      | Reached skill level 12 in Unarmed Combat
 12057 | D:9      | Noticed Maurice
 12077 | D:9      | Killed Maurice
 12681 | D:8      | Killed a manticore
 12828 | D:8      | Noticed an orange demon
 13386 | D:9      | Reached skill level 5 in Dodging
 13388 | D:9      | Noticed a deep elf pyromancer
 13418 | D:9      | Killed a deep elf pyromancer
 13419 | D:9      | Reached XP level 11. HP: 53/89 MP: 15/15
 13750 | D:9      | Found a snail-covered altar of Cheibriados.
 14027 | D:10     | Entered Level 10 of the Dungeon
 14127 | D:10     | Found a blossoming altar of Fedhas.
 14134 | D:10     | Noticed a two-headed ogre
 14142 | D:10     | Killed a two-headed ogre
 14662 | D:10     | Found a shimmering blue altar of Sif Muna.
 14682 | D:10     | Found a stormy altar of Qazlal.
 14703 | D:10     | Found Emmutosu's General Store.
 14715 | D:10     | Identified the +8 long sword "Cyabugg" {vorpal, rF+ rN+
                  | Str-2} (Okawaru gifted it to you on level 10 of the
                  | Dungeon)
 14715 | D:10     | Received a gift from Okawaru
 15659 | D:10     | Found a staircase to the Lair.
 16046 | D:11     | Noticed Urug
 16072 | Lair:1   | Entered Level 1 of the Lair of Beasts
 16084 | Lair:1   | Reached skill level 5 in Air Magic
 16122 | Lair:1   | Noticed Fannar
 16161 | Lair:1   | Killed Fannar
 16512 | Lair:1   | Reached skill level 5 in Transmutations
 16520 | Lair:1   | Received a gift from Okawaru
 16979 | Lair:1   | Reached XP level 12. HP: 60/100 MP: 17/17
 17054 | Lair:1   | HP: 5/100 [cane toad (3)]
 17057 | Lair:1   | Reached skill level 1 in Shields
 17626 | Lair:1   | Identified the +10 great sword "Giduk" {holy, Dex+3}
 18156 | Lair:1   | Identified the +2 pair of boots "Xeowef" {rN+ MP+9}
 18398 | Lair:1   | Found a runed translucent gate.
 18407 | Lair:1   | Noticed an eight-headed hydra
 18407 | Lair:1   | Noticed adizb's ghost (journeyman OpBr)
 18408 | Lair:1   | Found a runed translucent gate.
 19501 | Lair:1   | Found a runed translucent gate.
 19616 | Lair:1   | Noticed a five-headed hydra
 19667 | Lair:1   | Killed a five-headed hydra
 20212 | Lair:2   | Noticed a boulder beetle
 20231 | Lair:2   | Found the +8 Wrath of Trog {antimagic, *Rage Rampage}
 20361 | Lair:2   | Noticed an eight-headed hydra
 20745 | Lair:1   | Killed an eight-headed hydra
 20746 | Lair:1   | Reached skill level 13 in Unarmed Combat
 21157 | Lair:2   | Identified the +3 ring mail of Curiosity {rN+ Str+4}
 21272 | Lair:2   | You fall into a shaft and drop 2 floors!
 21272 | Lair:4   | Found a staircase to the Shoals.
 21351 | Lair:3   | Found a glowing silver altar of Zin.
 21449 | Lair:2   | Killed a boulder beetle
 21680 | Lair:2   | Found an ornate altar of the Wu Jian Council.
 21682 | Lair:2   | Found a hide-covered altar of Uskayaw.
 22267 | Lair:3   | Noticed a boulder beetle
 22284 | Lair:3   | Killed a boulder beetle
 22284 | Lair:3   | Reached ****** piety under Okawaru
 22675 | Lair:3   | Received a gift from Okawaru
 23885 | Lair:4   | Found a staircase to the Snake Pit.
 24037 | Lair:4   | Reached XP level 13. HP: 99/105 MP: 19/19
 24386 | Lair:4   | Noticed Kirke
 24449 | Lair:3   | Killed Kirke
 25467 | Lair:5   | Found a dark tunnel.
 25475 | Volcano  | Entered a volcano
 26141 | Volcano  | Found a radiant altar of Vehumet.
 26334 | Volcano  | Noticed a stone giant
 26350 | Volcano  | Killed a stone giant
 27279 | Lair:5   | Found a staircase to the Slime Pits.
 27340 | Lair:6   | Entered Level 6 of the Lair of Beasts
 27397 | Lair:6   | Received a gift from Okawaru
 27697 | Lair:6   | Mangled by a komodo dragon

Illustrated notes

Levels and vault maps discovered:
D:1:      dpeg_arrival_houses_and_road, layout_basic
D:2:      layout_basic, basic_altar, shapermc_ecumenical_altar_mp_vishouse,
          chequers_serial_rivers_large_a, minmay_gold_behind_fungi
D:3:      layout_basic, nicolae_dithmenos_shadow_blocks, uniq_natasha
D:4:      layout_basic
D:5:      layout_basic, mainiacjoe_overflow_surrounded_room
D:6:      wad_pebble_path, layout_loops_ring, minmay_temple_entry_waves,
          kennysheep_generic_room_11, uniq_menkaure
D:7:      layout_gridville, okawaru_trees_2, gammafunk_temple_overflow_wave,
          uniq_harold, uniq_pikel
D:8:      nzn_winding_woodlands_small [nzn_winding_woodlands_5x15_crooked,
          nzn_winding_woodlands_center_garden, nzn_winding_woodlands_5x15_pool],
          layout_loops_ring, nicolae_ossuary_entry_plus
D:9:      layout_basic, slow_altar_2, st_stairs_12, uniq_maurice
D:10:     layout_roguey, lemuel_tele_altar, fedhas_altar_3,
          amcnicky_altar_gilded, minmay_lair_entry_grove, serial_shops,
          nicolae_shop_crystal
D:11:     layout_irregular_city, orc_0_dummy, minmay_diced_spiral, uniq_urug
Temple:   cyrus_circular_temple
Lair:1:   layout_layer_cave, gammafunk_ghost_split, beast_lair_carwin_10,
          uniq_fannar
Lair:2:   layout_misc_corridors, nzn_masters_of_martial_movement,
          minmay_lair_oklob_chamber
Lair:3:   layout_small_grid, serial_rivers, chequers_serial_rivers_large_b,
          chequers_serial_rivers_micro_e, chequers_serial_rivers_small_3,
          chequers_serial_rivers_micro_c, chequers_serial_rivers_room_b,
          basic_altar, grunt_forest_stairs_basic
Lair:4:   layout_cave_pods, minmay_shoals_entry_centaurs,
          minmay_snake_entry_guardpost_medium, serial_bayou_shore_b,
          lemuel_fruit_tree, uniq_kirke
Lair:5:   layout_roguey, minmay_slime_entry_oklob_open,
          lightli_volcano_entry_magma_tube, grunt_megastairs_3,
          infiniplex_staircase_pool
Lair:6:   hellmonk_lair_end_abyssal_woods, layout_big_grid,
          chequers_serial_rivers_micro_e

Skill      XL: |  1  2  3  4  5  6  7  8  9 10 11 12 13 |
---------------+----------------------------------------+-----
Unarmed Combat | 4 5 7 9 11 12 13 | 13.9
Invocations    | 1 2 3 4 5 6 7 9 |  9.0
Fighting       | 4 5 6 7 |  7.5
Dodging        | 3 4 5 6 7 8 |  8.6
Air Magic      | 2 3 5 7 9 |  9.2
Poison Magic   | 1 3 |  3.4
Spellcasting   | 1 3 |  3.0
Transmutations | 1 3 5 6 8 |  8.3
Earth Magic    | 1 3 |  3.4
Shields        | 4 |  4.0
Stealth        | |  1.7

Action                   |  1- 3 |  4- 6 |  7- 9 | 10-12 | 13-15 || total
-------------------------+-------+-------+-------+-------+-------++-------
Melee: Unarmed           |   120 |   180 |   269 |   979 |   304 ||  1852
       Tailslap          |    16 |    26 |    42 |   127 |    34 ||   245
       Punch             |     2 |     4 |    19 |    31 |       ||    56
       Dagger            |       |       |    38 |     2 |       ||    40
       Long sword        |       |       |       |       |    33 ||    33
Throw: Dart              |       |       |       |    23 |    14 ||    37
       Javelin           |       |       |       |     4 |       ||     4
 Cast: Spider Form       |       |       |       |     3 |       ||     3
Invok: Heroism           |     1 |     6 |     8 |    15 |     9 ||    39
       Finesse           |       |       |       |     2 |     3 ||     5
 Abil: Breathe Steam     |       |       |       |    10 |     2 ||    12
  Use: Scroll            |       |     6 |     5 |     7 |     6 ||    24
       Potion            |       |       |     2 |     5 |       ||     7
 Stab: Sleeping          |     6 |     2 |     3 |     1 |     1 ||    13
Armor: Skin              |    34 |    54 |    95 |   297 |    91 ||   571
Dodge: Dodged            |    77 |   120 |   170 |   574 |   162 ||  1103
Block: Buckler           |       |       |       |    40 |    72 ||   112
       Rpst.: Long sword |       |       |       |       |     3 ||     3
